 Dungeon Crawl Stone Soup version 0.31-a0-1529-g7bd419a0e5 (webtiles) character file.

Game seed: 11233737622219564204

10392 quinnr the Devastator (level 11, -9/67 HPs)
             Began as a Tengu Air Elementalist on Dec 31, 2023.
             Was a Believer of Vehumet.
             Mangled by a sphinx (14 damage)
             ... while paralysed by a sphinx
             ... on level 13 of the Dungeon on Jan 1, 2024.
             The game lasted 00:27:29 (14456 turns).

quinnr the Devastator (Tengu Air Elementalist)     Turns: 14456, Time: 00:27:30

Health: -9/67      AC:  4    Str:  8    XL:     11   Next: 61%
Magic:  10/21      EV:  2    Int: 21    God:    Vehumet [**....]
Gold:   240        SH:  0    Dex: 14    Spells: 3/22 levels left

rFire   + . .        k - +1 dagger (venom)
rCold   . . .        (no shield)
rNeg    . . .        a - +0 robe
rPois   .            (helmet restricted)
rElec   .            (no cloak)
rCorr   +            N - +1 pair of gloves
SInv    .            (boots unavailable)
Will    .....        y - amulet of magic regeneration
Stlth   +            F - ring of protection from fire
HPRegen 0.31/turn    R - ring of resist corrosion
MPRegen 0.57/turn

%: acrobat
@: confused, paralysed, flying, very slightly contaminated
A: beak, talons 3, evasive flight, acrobatic
a: Renounce Religion


You were on level 13 of the Dungeon.
You worshipped Vehumet.
Vehumet was pleased with you.
You visited 2 branches of the dungeon, and saw 14 of its levels.
You also visited: Sewer.

You collected 570 gold pieces.
You spent 330 gold pieces at shops.


Innate Abilities, Weirdness & Mutations

You have a beak for a mouth.
You have claws for feet.
Your magical flight helps you evade attacks. (EV +4)
You can magically evade attacks while moving or waiting.


   Skills:
 - Level 7.0 Fighting
 - Level 2.0 Short Blades
 - Level 6.0 Dodging
 + Level 5.7 Stealth
 + Level 6.2 Spellcasting
 - Level 15.0 Conjurations
 - Level 9.0 Air Magic
 - Level 2.0 Evocations


You had 3 spell levels left.
You knew the following spells:

 Your Spells              Type           Power      Damage    Failure   Level
a - Airstrike             Air            22%        2d(4-20)  2%          4
d - Orb of Destruction    Conj           31%        9d10      17%         7
t - Static Discharge      Conj/Air       100%       3-8/arc   1%          2
z - Shock                 Conj/Air       100%       1d9       1%          1
X - Arcjolt               Conj/Air       27%        1d37      1%          5

Your spell library contained the following spells:

 Spells                   Type           Power      Damage    Failure   Level
 Searing Ray              Conj           100%       2d8       1%          2
 Sting                    Conj/Alch      100%       1d9       1%          1
 Hailstorm                Conj/Ice       38%        3d9       1%          3
 Stone Arrow              Conj/Erth      76%        3d11      1%          3
 Swiftness                Air            44%        N/A       1%          3
 Apportation              Tloc           12%        N/A       10%         1
 Freeze                   Ice            24%        1d4       10%         1
 Necrotise                Necr           24%        1d5       10%         1
 Sandblast                Erth           12%        2d6       10%         1
 Summon Small Mammal      Summ           24%        N/A       10%         1
 Lesser Beckoning         Tloc           12%        N/A       14%         2
 Frozen Ramparts          Ice            12%        1d2       28%         3
 Gell's Gravitas          Tloc           6%         N/A       28%         3
 Passwall                 Erth           6%         N/A       28%         3
 Summon Ice Beast         Ice/Summ       6%         N/A       28%         3
 Teleport Other           Tloc           6%         N/A       28%         3
 Iskenderun's Battlesphe  Conj           62%        2d11      1%          5
 Brom's Barrelling Bould  Conj/Erth      38%        2d6       4%          4
 Conjure Ball Lightning   Conj/Air       27%        3x3d8     11%         6
 Fireball                 Conj/Fire      19%        3d9       12%         5
 Vhi's Electric Charge    Tloc/Air       50%        N/A       16%         4
 Leda's Liquefaction      Alch/Erth      3%         N/A       67%         4
 Petrify                  Alch/Erth      6%         N/A       67%         4
 Metabolic Englaciation   Hex/Ice        3%         N/A       95%         5
 Summon Mana Viper        Hex/Summ       6%         N/A       95%         5
 Dispersal                Tloc           3%         N/A       100%        6
 Sculpt Simulacrum        Ice/Alch       3%         N/A       100%        6
 Monstrous Menagerie      Summ           3%         N/A       100%        7
 Maxwell's Capacitive Co  Air            22%        ∞         100%        8

Inventory:

Hand Weapons
 c - a +4 quarterstaff
 d - a +1 short sword of speed
 k - a +1 dagger of venom (weapon)
Missiles
 t - 3 throwing nets {=f}
 D - 2 silver javelins
Armour
 a - a +0 robe (worn)
 N - a +1 pair of gloves (worn)
Jewellery
 f - a ring of fire
 y - an amulet of magic regeneration (around neck)
 C - a ring of protection from cold
 E - a +5 ring of evasion
 F - a ring of protection from fire (left hand)
 H - an amulet of reflection
 J - a ring of fire
 R - a ring of resist corrosion (right hand)
Wands
 b - a wand of flame (6)
 G - a wand of polymorph (5)
 I - a wand of roots (11)
 M - a wand of mindburst (5)
Scrolls
 h - 3 scrolls of noise {unknown}
 j - 4 scrolls of immolation
 l - 3 scrolls of enchant weapon {unknown}
 n - 3 scrolls of teleportation {unknown}
 p - 3 scrolls of summoning {unknown}
 r - a scroll of amnesia {unknown}
 u - 2 scrolls of brand weapon {unknown}
 v - a scroll of silence {unknown}
 x - a scroll of fear {unknown}
 z - a scroll of revelation
 L - 3 scrolls of vulnerability {unknown}
Potions
 e - a potion of resistance
 g - a potion of brilliance
 i - 2 potions of attraction
 m - a potion of ambrosia
 o - 2 potions of magic
 q - 2 potions of mutation
 s - 2 potions of enlightenment
 w - a potion of berserk rage {unknown}
 A - a potion of heal wounds {@q2}
 B - 6 potions of curing {unknown}
 K - a potion of invisibility {unknown}

Dungeon Overview and Level Annotations

Branches:
Dungeon (13/15)            Temple (1/1) D:5            Lair (0/5) D:11
    Orc (0/2) D:11          Sewer (visited)
 Vaults: D:13-14

Altars:
Ashenzari
Cheibriados
Dithmenos
Elyvilon
Fedhas
Gozag
Hepliaklqana
Kikubaaqudgha
Makhleb
Nemelex Xobeh
Okawaru
Qazlal
Ru
Sif Muna
Trog
Uskayaw
Vehumet
Wu Jian
Xom
Yredelemnul
Zin
The Shining One

Shops:
D:2 (   D:4 *   D:8 = D:11

( #.#.. #.#.#
#.#.# #.#.# #.#.#
#.#.# #.#.###
#.#...#▓▓▓▓▓▓▓
#.#(#..'@..▓|[
#.#.###▓Hc.▓|l▓▓▓
#.#.# ▓C..▓ H..▓
#.#.# ▓...▓ ..▓
#.#.# ▓...▓▓▓▓'▓
#.#.# ▓........▓
#.#.# ▓........▓
#<#.# ▓........▓
#.#.###▓▓▓▓▓▓▓▓▓▓


You could see a frost giant, a sphinx and a yaktaur shaped shifter.


Message History

Unknown command.
A frost giant comes into view.
It is wielding a +2 battleaxe of freezing.
The water moccasin closely misses you.
The water moccasin completely misses you.
The frost giant shouts!
The sphinx hits you. The sphinx misses you. The sphinx completely misses you.
The water moccasin changes into a yaktaur!
The sphinx completely misses you. The sphinx hits you but does no damage.
The sphinx hits you.
The sphinx casts a spell.
You are confused.
Unknown command.
Unknown command.
The fire giant gestures at you while chanting.
The fireball explodes!
The fireball engulfs you!! You resist.
* * * LOW HITPOINT WARNING * * *
Unknown command.
The fire giant falls through a shaft!
The shaft crumbles and collapses.
There is an open door here.
The sphinx mumbles some strange words.
You suddenly lose the ability to move!
The sphinx hits you!
* * * LOW HITPOINT WARNING * * *
The sphinx hits you!
* * * LOW HITPOINT WARNING * * *
The sphinx hits you.
* * * LOW HITPOINT WARNING * * *
The yaktaur hits you!
* * * LOW HITPOINT WARNING * * *
The sphinx hits you!
You die...

Skill      XL: |  1  2  3  4  5  6  7  8  9 10 11 |
---------------+----------------------------------+-----
Conjurations   | 2 3 5 6 7 8 9 11 14 15 | 15.0
Fighting       | 1 3 4 6 7 |  7.0
Evocations     | 1 2 |  2.0
Dodging        | 3 4 5 6 |  6.0
Stealth        | 3 4 5 |  5.7
Short Blades   | 1 2 |  2.0
Air Magic      | 7 8 9 |  9.0
Spellcasting   | 3 5 6 |  6.2

Action                     |  1- 3 |  4- 6 |  7- 9 | 10-12 || total
---------------------------+-------+-------+-------+-------++-------
  Melee: Dagger            |       |    11 |    17 |    13 ||    41
         Kick              |       |     3 |    11 |     6 ||    20
         Peck              |       |     1 |     2 |     3 ||     6
   Cast: Shock             |    87 |   105 |   252 |    67 ||   511
         Static Discharge  |       |       |    41 |    16 ||    57
         Airstrike         |       |       |     3 |    56 ||    59
         Arcjolt           |       |       |     2 |    11 ||    13
         Orb of Destructio |       |       |       |    15 ||    15
    Use: Scroll            |       |     8 |     2 |       ||    10
         Potion            |       |     2 |     3 |       ||     5
   Stab: Distracted        |       |       |     1 |       ||     1
 Armour: Robe              |     4 |    18 |    81 |    47 ||   150
         Skin              |       |       |    20 |       ||    20
  Dodge: Dodged            |     5 |    30 |   101 |    79 ||   215

Levels and vault maps discovered:
D:1:      minmay_arrival_four_houses, layout_basic,
          minmay_misc_feat_secret_circle
D:2:      layout_loops_ring, serial_shops, shop
D:3:      layout_loops_ring, gup_sewer_entry_bowl
D:4:      layout_loops_corners, lemuel_doored_altar,
          hangedman_abyss_or_decor_stagger, nicolae_shop_gadgets
D:5:      layout_basic, temple_green
D:6:      layout_loops_ring, grunt_temple_overflow_octagram,
          uniq_prince_ribbit1, uniq_duvessa
D:7:      layout_layer_cave
D:8:      minmay_inner_zag, layout_rooms, serial_shops,
          nicolae_shop_tiny_statue_garden
D:9:      layout_roguey
D:10:     layout_irregular_city
D:11:     layout_roguey, grunt_lair_entry_orc_guard_hut,
          minmay_orc_entry_guard_dogs, serial_shops, shop
D:12:     layout_cave_pools
D:13:     minmay_shrinking_squares, layout_basic
Temple:   nicolae_temple_bog_church

Notes
Turn   | Place    | Note
-------+----------+-------------------------------------------
     0 | D:1      | quinnr the Tengu Air Elementalist began the quest for the
                  | Orb.
     0 | D:1      | Reached XP level 1. HP: 10/10 MP: 4/4
    31 | D:1      | Reached skill level 2 in Conjurations
   130 | D:1      | Reached XP level 2. HP: 15/15 MP: 1/6
   229 | D:1      | Reached skill level 3 in Conjurations
   667 | D:1      | Reached XP level 3. HP: 19/19 MP: 4/7
   727 | D:1      | Reached skill level 4 in Conjurations
  1635 | D:2      | Found Ibyuhemn's Antique Weapon Emporium.
  1862 | D:2      | Reached skill level 5 in Conjurations
  1862 | D:2      | Reached XP level 4. HP: 24/24 MP: 3/8
  2280 | D:3      | Found a glowing drain.
  2284 | Sewer    | Entered a sewer
  2284 | Sewer    | Noticed Pargi
  2312 | Sewer    | Killed Pargi
  2313 | Sewer    | Reached skill level 6 in Conjurations
  2313 | Sewer    | Reached XP level 5. HP: 16/28 MP: 2/9
  2434 | Sewer    | Reached skill level 7 in Conjurations
  2497 | Sewer    | Reached XP level 6. HP: 21/32 MP: 5/10
  2820 | D:4      | Found a sparkling altar of Nemelex Xobeh.
  2825 | D:4      | Reached skill level 8 in Conjurations
  2858 | D:4      | Found Garchiah's Gadget Gallery.
  3337 | D:4      | Identified a potion of resistance
  3820 | D:3      | Reached skill level 1 in Fighting
  3830 | D:3      | Reached skill level 1 in Evocations
  4325 | D:3      | Reached skill level 3 in Dodging
  4535 | D:5      | Entered Level 5 of the Dungeon
  4567 | D:5      | Reached skill level 3 in Stealth
  4567 | D:5      | Gained mutation: Your magical flight helps you evade
                  | attacks. (EV +4) [Tengu growth]
  4567 | D:5      | Reached XP level 7. HP: 21/38 MP: 3/11
  5144 | D:5      | Reached skill level 4 in Dodging
  5144 | D:5      | Reached skill level 4 in Stealth
  5147 | D:5      | Learned a level 2 spell: Static Discharge
  5457 | D:5      | Reached skill level 1 in Short Blades
  5817 | D:5      | Found a staircase to the Ecumenical Temple.
  5833 | Temple   | Entered the Ecumenical Temple
  5845 | Temple   | Became a worshipper of Vehumet
  6090 | D:5      | Reached XP level 8. HP: 29/44 MP: 8/12
  6270 | D:6      | Identified the +0 helmet of Moral Flaws {Fly rF+ rC- Will+}
  6316 | D:6      | Noticed Dowan
  6454 | D:6      | Noticed Duvessa
  6477 | D:6      | Reached skill level 2 in Fighting
  6710 | D:6      | Reached skill level 2 in Short Blades
  6789 | D:6      | Found a glowing golden altar of the Shining One.
  6790 | D:6      | Found a burning altar of Makhleb.
  6791 | D:6      | Found an iron altar of Okawaru.
  6798 | D:6      | Found a hide-covered altar of Uskayaw.
  6825 | D:6      | Found a stormy altar of Qazlal.
  6834 | D:6      | Found a hazy altar of Hepliaklqana.
  6841 | D:6      | Found a white marble altar of Elyvilon.
  7033 | D:7      | Reached skill level 5 in Air Magic
  7211 | D:7      | Reached skill level 3 in Spellcasting
  7466 | D:6      | Reached skill level 9 in Conjurations
  7466 | D:6      | Reached skill level 2 in Evocations
  7548 | D:6      | Killed Duvessa
  7548 | D:6      | Killed Dowan
  7549 | D:6      | Reached skill level 6 in Air Magic
  7707 | D:6      | Noticed Prince Ribbit
  7729 | D:6      | Killed Prince Ribbit
  7730 | D:6      | Reached skill level 3 in Fighting
  7910 | D:6      | Reached skill level 5 in Dodging
  7910 | D:6      | Reached skill level 7 in Air Magic
  7910 | D:6      | Reached XP level 9. HP: 43/50 MP: 11/15
  8365 | D:7      | Reached skill level 4 in Spellcasting
  8651 | D:7      | Learned a level 4 spell: Airstrike
  8895 | D:7      | Reached skill level 6 in Dodging
  8895 | D:7      | Reached skill level 8 in Air Magic
  9685 | D:8      | Found Fodibbi's Jewellery Shop.
  9691 | D:8      | Reached skill level 4 in Fighting
  9760 | D:8      | Bought an amulet of magic regeneration for 330 gold pieces
  9810 | D:8      | Reached skill level 5 in Spellcasting
  9927 | D:8      | Reached * piety under Vehumet
  9927 | D:8      | Offered knowledge of Freeze by Vehumet.
  9928 | D:8      | Reached skill level 10 in Conjurations
 10066 | D:8      | Learned a level 5 spell: Arcjolt
 10190 | D:8      | Reached skill level 11 in Conjurations
 10190 | D:8      | Reached XP level 10. HP: 47/56 MP: 13/18
 10746 | D:9      | Reached skill level 12 in Conjurations
 11057 | D:9      | Learned a level 7 spell: Orb of Destruction
 11074 | D:9      | Reached skill level 5 in Fighting
 11349 | D:10     | Entered Level 10 of the Dungeon
 11915 | D:10     | Killed an unseen horror
 11916 | D:10     | Reached skill level 6 in Fighting
 12151 | D:11     | Reached ** piety under Vehumet
 12152 | D:11     | Reached skill level 13 in Conjurations
 12205 | D:11     | Offered knowledge of Searing Ray by Vehumet.
 12215 | D:11     | Noticed a two-headed ogre
 12229 | D:11     | Killed a two-headed ogre
 12257 | D:11     | Noticed an elephant
 12272 | D:11     | Killed an elephant
 12273 | D:11     | Reached skill level 14 in Conjurations
 12322 | D:11     | Reached XP level 11. HP: 64/64 MP: 3/19
 12444 | D:11     | Found a staircase to the Lair.
 12459 | D:11     | Reached skill level 15 in Conjurations
 12646 | D:11     | Found Viveyrer's Antique Weapon Boutique.
 12919 | D:11     | Found a staircase to the Orcish Mines.
 13176 | D:12     | Noticed a deep elf pyromancer
 13237 | D:12     | Killed a deep elf pyromancer
 13805 | D:13     | Noticed a boulder beetle
 13805 | D:13     | Noticed a harpy
 13805 | D:13     | Noticed a cyclops
 13815 | D:13     | Killed a harpy
 13816 | D:13     | Reached skill level 5 in Stealth
 14015 | D:13     | Noticed a deep elf pyromancer
 14032 | D:13     | Killed a deep elf pyromancer
 14033 | D:13     | Reached skill level 9 in Air Magic
 14212 | D:13     | Killed a cyclops
 14376 | D:12     | Killed a boulder beetle
 14377 | D:12     | Reached skill level 7 in Fighting
 14377 | D:12     | Reached skill level 6 in Spellcasting
 14434 | D:13     | Noticed a sphinx
 14446 | D:13     | Noticed a fire giant
 14447 | D:13     | Noticed a frost giant
 14455 | D:13     | Paralysed by a sphinx for 5 turns
 14456 | D:13     | HP: 5/67 [yaktaur (shapeshifter) (7)]
 14456 | D:13     | Mangled by a sphinx

Vanquished Creatures
  A boulder beetle (D:12)
  A two-headed ogre (D:11)
  2 deep elf pyromancers
  A harpy (D:13)
  2 elephants (D:11)
  A cyclops (D:13)
  An unseen horror (D:10)
  A komodo dragon (D:11)
  3 trolls
  Prince Ribbit (D:6)
  A hornet (D:9)
  A shadow (D:11)
  A wyvern (D:10)
  A warg (D:11)
  A steam dragon (D:6)
  4 vampire mosquitoes
  An acid dragon (D:12)
  Duvessa (D:6)
  An ice beast (D:8)
  An orc warrior (D:7)
  Pargi (Sewer)
  3 black bears (D:11)
  2 wolves (D:11)
  2 phantoms (D:7)
  3 centaurs
  A brain worm (Sewer)
  3 bullfrogs
  4 kobold brigands
  A gnoll sergeant (D:9)
  3 scorpions
  10 wights
  Dowan (D:6)
  8 killer bees (D:8)
  7 howler monkeys
  5 orc priests
  2 bombardier beetles
  4 hounds
  2 jellies
  A gnoll bouda (D:5)
  4 iguanas
  2 sleepcaps
  8 orc wizards
  12 gnolls
  6 adders
  2 shadow imps
  A white imp (D:8)
  2 dart slugs (D:1)
  2 ribbon worms (D:3)
  33 orcs
  2 bats (D:1)
  6 endoplasms
  2 giant cockroaches
  12 goblins
  9 hobgoblins
  17 kobolds
  8 quokkas
  9 ball pythons
  5 frilled lizards
  3 rats
235 creatures vanquished.

Table legend: (Time is in decaauts)
 A = Elapsed time spent in this place.
 B = Non-inter-level travel time spent in this place.
 C = Inter-level travel time spent in this place.
 D = Time resting spent in this place.
 E = Time spent auto-exploring this place.
 F = Levels seen in this place.
 G = Mean time per level.
                   A        B        C        D        E       F      G
               +--------+--------+--------+--------+--------+-----+--------+
         Total |  14493 |  13915 |    578 |   1186 |  10736 |  15 |  966.2 |
       Dungeon |  14110 |  13556 |    554 |   1084 |  10585 |  13 | 1085.4 |
        Temple |     24 |      1 |     23 |      0 |      0 |   1 |   24.0 |
         Sewer |    358 |    358 |      0 |    102 |    150 |   1 |  358.0 |
               +--------+--------+--------+--------+--------+-----+--------+

Top non-repeatable levels by time:
     D:6: 1721 daAuts
     D:7: 1690 daAuts
     D:5: 1675 daAuts
     D:1: 1367 daAuts
    D:11: 1144 daAuts
     D:4: 1033 daAuts
     D:8: 994 daAuts
     D:3: 926 daAuts
     D:2: 864 daAuts
    D:10: 799 daAuts
    D:12: 782 daAuts
     D:9: 724 daAuts
    D:13: 387 daAuts
   Sewer: 358 daAuts
  Temple: 24 daAuts

Table legend:
 A = Non-vault XP
 B = Vault XP
 C = Vault XP percentage of total XP
 D = Non-vault monster count
 E = Vault monster count
 F = Vault count percentage of total count
                 A         B        C        D         E       F
            +---------+---------+-------+---------+---------+-------
      Total |    9692 |    5155 |  34.7 |     204 |      31 |  13.2
            +---------+---------+-------+---------+---------+-------
        D:1 |      52 |       0 |   0.0 |      27 |       0 |   0.0
        D:2 |      33 |       0 |   0.0 |      12 |       0 |   0.0
        D:3 |     163 |       8 |   4.7 |      26 |       4 |  13.3
        D:4 |      67 |       0 |   0.0 |      11 |       0 |   0.0
        D:5 |     611 |       0 |   0.0 |      29 |       0 |   0.0
        D:6 |     613 |     476 |  43.7 |      14 |       3 |  17.6
        D:7 |    1012 |       0 |   0.0 |      17 |       0 |   0.0
        D:8 |    1161 |     287 |  19.8 |      28 |       5 |  15.2
        D:9 |    1101 |       0 |   0.0 |      15 |       0 |   0.0
       D:10 |    1453 |       0 |   0.0 |      13 |       0 |   0.0
       D:11 |    1440 |    2175 |  60.2 |       4 |       9 |  69.2
       D:12 |    1230 |     836 |  40.5 |       6 |       1 |  14.3
       D:13 |     756 |    1102 |  59.3 |       2 |       2 |  50.0
      Sewer |       0 |     271 | 100.0 |       0 |       7 | 100.0
            +---------+---------+-------+---------+---------+-------

Levels and vault maps discovered:
D:1:      minmay_arrival_four_houses, layout_basic,
          minmay_misc_feat_secret_circle
D:2:      layout_loops_ring, serial_shops, shop
D:3:      layout_loops_ring, gup_sewer_entry_bowl
D:4:      layout_loops_corners, lemuel_doored_altar,
          hangedman_abyss_or_decor_stagger, nicolae_shop_gadgets
D:5:      layout_basic, temple_green
D:6:      layout_loops_ring, grunt_temple_overflow_octagram,
          uniq_prince_ribbit1, uniq_duvessa
D:7:      layout_layer_cave
D:8:      minmay_inner_zag, layout_rooms, serial_shops,
          nicolae_shop_tiny_statue_garden
D:9:      layout_roguey
D:10:     layout_irregular_city
D:11:     layout_roguey, grunt_lair_entry_orc_guard_hut,
          minmay_orc_entry_guard_dogs, serial_shops, shop
D:12:     layout_cave_pools
D:13:     minmay_shrinking_squares, layout_basic
Temple:   nicolae_temple_bog_church
